Map: Shrines of Lizul

Players

Mali

  • Race: Terran Terran
  • Spawn Location: 6:00

Gannic

  • Race: Protoss Protoss
  • Spawn Location: 9:00

PureLegacy - Winner!

  • Race: Terran Terran
  • Spawn Location: 3:00

Lemurzinka - Winner!

  • Race: Terran Terran
  • Spawn Location: 12:00

VOD

Have the link to the VOD?

Description

Time

  • Played on: Nov. 22, 2018, 11:24 p.m.
  • Length: 4:51
Show
View Real Time Build Order
Export as new Build Order

Mali Terran 

Build Orders:  

Get SALT Encoding   

  12  0:02  SCV  
  13  0:14  SCV  
  13  0:18  Supply Depot  
  14  0:26  SCV  
  15  0:40  SCV  
  15  0:41  Barracks  
  16  0:46  Refinery  
  16  0:52  SCV  
  17  1:06  SCV  
  17  1:07  Barracks  
  18  1:18  SCV  
  19  1:29  Supply Depot  
  19  1:30  Reaper  
  20  1:34  Orbital Command  
  20  1:40  Refinery  
  20  1:56  Reaper  
  20  2:00  SCV  
  22  2:05  Reaper  
  23  2:12  SCV  
  24  2:17  Supply Depot  
  24  2:28  Reaper  
  25  2:37  Marine  
  25  2:42  Barracks  
  26  2:50  SCV  
  26  2:55  Marine  
  23  3:06  Reaper  
  22  3:13  Reaper  
  12  3:33  Factory  
  12  3:39  Reaper  
  13  3:45  Reaper  
  13  3:52  SCV  
  13  3:56  Reaper  
  11  4:04  SCV  
  9  4:10  Marine  
  8  4:18  Reaper  
  8  4:23  SCV  
  10  4:35  SCV  
Show
View Real Time Build Order
Export as new Build Order

Gannic Protoss 

Build Orders:  

Get SALT Encoding   

  1  0:00  Probe  
  12  0:05  Probe  
  14  0:15  Probe  
  15  0:23  Pylon  
  15  0:29  Assimilator  
  15  0:41  Probe  
  16  0:45  Gateway  
  16  0:52  Probe  
  17  1:00  Probe  
  17  1:07  Pylon  
  17  1:08  Assimilator, Probe  
  19  1:20  Probe  
  20  1:29  Gateway  
  20  1:33  Cybernetics Core  
  20  1:35  Probe  
  21  1:47  Probe  
  21  1:51  Zealot  
  21  1:53  Warp Gate  
  24  1:59  Probe  
  25  2:02  Gateway  
  25  2:16  Stalker  
  27  2:25  Pylon  
  27  2:27  Stalker  
  29  2:39  Gateway  
  29  2:46  Stalker  
  31  2:58  Stalker  
  31  3:03  Stalker  
  35  3:14  Twilight Council  
  35  3:31  Stalker  
  35  3:32  Stalker  
  35  4:09  Stalker  
  37  4:10  Stalker  
Show
View Real Time Build Order
Export as new Build Order

PureLegacy Terran - Winner!

Build Orders:  

Get SALT Encoding   

  12  0:04  SCV  
  13  0:16  SCV  
  13  0:20  Supply Depot  
  14  0:28  SCV  
  15  0:30  Refinery  
  15  0:42  SCV  
  16  0:46  Barracks  
  16  0:54  SCV  
  17  1:06  Barracks  
  17  1:18  Barracks  
  17  1:20  SCV  
  18  1:37  Reaper  
  19  1:40  Orbital Command  
  19  1:50  Refinery  
  19  1:54  Reaper  
  20  2:01  Supply Depot  
  20  2:06  Reaper  
  21  2:13  Reaper  
  22  2:16  SCV  
  23  2:26  Supply Depot  
  24  2:30  Reaper  
  24  2:31  SCV  
  25  2:39  Reaper  
  25  2:43  SCV  
  27  2:49  Reaper  
  28  2:55  SCV  
  28  3:05  Reaper  
  28  3:27  Reaper x2  
  28  3:28  Command Center  
  28  3:29  SCV  
  31  3:42  Reaper  
  31  3:44  Barracks x2, SCV  
  31  3:59  Reaper  
  31  4:04  Reaper  
  31  4:08  SCV  
  33  4:14  Reaper  
  33  4:17  Engineering Bay  
  34  4:19  Supply Depot  
  34  4:27  SCV  
  35  4:32  Bunker  
Show
View Real Time Build Order
Export as new Build Order

Lemurzinka Terran - Winner!

Build Orders:  

Get SALT Encoding   

  12  0:04  SCV  
  13  0:34  Supply Depot  
  13  0:38  Refinery  
  13  0:43  Engineering Bay  
  13  0:56  Supply Depot  
  13  1:08  Barracks  
  13  1:56  Marine  
  14  2:07  SCV  
  15  2:08  Sensor Tower  
  15  2:14  Marine  
  16  2:20  SCV  
  17  2:32  SCV  
  19  2:39  Reaper  
  19  2:48  Refinery  
  19  3:11  Reaper  
  18  3:28  Barracks  
  18  3:31  SCV  
  19  3:43  SCV  
  20  4:16  Barracks  
Tags
 
Add a new tag
Caveats
  • Supply blocks, unpowered buildings, or Contaminate may cause inaccurate times.
  • Supply counts are checked every 10 seconds.